 Dungeon Crawl Stone Soup version 0.31-a0-214-gb37851dbb3 (webtiles) character file.

Game seed: 614258540182852312

403 qw the Shooter (level 6, -4/38 HPs)
             Began as a Gargoyle Hexslinger on June 30, 2023.
             Slain by a yak (11 damage)
             ... on level 4 of the Dungeon.
             The game lasted 00:01:08 (2722 turns).

qw the Shooter (Gargoyle Hexslinger)                Turns: 2722, Time: 00:01:09

Health: -4/38      AC: 12    Str: 12    XL:     6   Next: 86%
Magic:  7/7        EV: 15    Int: 13    God:
Gold:   263        SH:  0    Dex: 14    Spells: 6/7 levels left

rFire   . . .        Y - +2 sling (elec)
rCold   . . .        (no shield)
rNeg    + . .        a - +0 ring mail
rPois   inf          e - +0 helmet
rElec   +            (no cloak)
rCorr   .            (no gloves)
SInv    +            j - +1 pair of boots
Will    .....        (no amulet)
Stlth   +            l - +5 ring of evasion
HPRegen 0.26/turn    f - ring of see invisible
MPRegen 0.10/turn

%: no passive effects
@: no status effects
A: sickness immunity, AC +4, negative energy resistance 1, electricity
resistance, torment resistance 1, petrification resistance
a: no special abilities


You were on level 4 of the Dungeon.
You visited 1 branch of the dungeon, and saw 5 of its levels.

You collected 263 gold pieces.


Innate Abilities, Weirdness & Mutations

You are immune to sickness and miasma.
Your stone body is resilient. (AC +4)
You are immune to poison.
You resist negative energy. (rN+)
You are resistant to electric shocks. (rElec)
You are resistant to unholy torment.
You are immune to petrification.


   Skills:
 + Level 3.7 Fighting
 - Level 6.0 Ranged Weapons
 - Level 1.4 Armour
 - Level 1.5 Dodging
 - Level 1.0 Spellcasting
 - Level 2.6 Hexes


You had 6 spell levels left.
You knew the following spells:

 Your Spells              Type           Power      Damage    Failure   Level
a - Slow                  Hex            28%        N/A       21%         1

Your spell library contained the following spells:

 Spells                   Type           Power      Damage    Failure   Level
 Inner Flame              Hex/Fire       4%         N/A       71%         3
 Portal Projectile        Hex/Tloc       8%         N/A       71%         3
 Cause Fear               Hex            3%         N/A       90%         4

Inventory:

Hand Weapons
 Y - a +2 sling of electrocution (weapon)
Armour
 a - a +0 ring mail (worn)
 e - a +0 helmet (worn)
 j - a +1 pair of boots (worn)
Jewellery
 f - a ring of see invisible (right hand)
 l - a +5 ring of evasion (left hand)
Scrolls
 g - 3 scrolls of identify
Potions
 d - a potion of cancellation

Dungeon Overview and Level Annotations

Branches:
Dungeon (5/15)
 Temple: D:4-7

Altars:
Xom


Message History

The yak is lightly wounded.
The hound barely misses you. The adder bites you but does no damage.
The hound misses you.
You shoot a sling bullet. The sling bullet hits the hound.
The hound is almost dead.
The hound misses you. The hound barely misses you.
You shoot a sling bullet.
The sling bullet barely misses the hound.
The sling bullet hits the yak.
The yak is lightly wounded.
The hound bites you but does no damage. The yak barely misses you.
The yak gores you. The hound bites you.
The yak gores you but does no damage. x2
You shoot a sling bullet. The sling bullet hits the hound.
You kill the hound!
The yak gores you. The yak gores you but does no damage.
2717 ||| STAIRDANCE The adder misses you.
The yak gores you! The yak misses you. The yak gores you but does no damage.
You climb upwards.
There is a stone staircase leading down here.
You shoot a sling bullet. The sling bullet hits the yak.
Lightning courses through the yak!
The yak is heavily wounded.
The adder barely misses you. The yak gores you!
The yak gores you but does no damage.
You shoot a sling bullet. The sling bullet barely misses the yak.
The adder bites you but does no damage. The yak misses you.
The yak completely misses you. The yak gores you but does no damage.
The adder bites you.
You shoot a sling bullet. The sling bullet barely misses the yak.
The adder bites you. The yak completely misses you. The yak gores you.
The yak barely misses you.
You shoot a sling bullet.
The sling bullet hits the yak but does no damage.
The yak is heavily wounded.
The adder closely misses you. The yak gores you. The yak misses you. x2
The adder bites you but does no damage.
The yak snorts and paws the ground.
The yak barely misses you. The yak gores you. The yak gores you!
You die...

.#### ##..........# #..........
....# ##.........# #.........#
....# #.........####.........#
....# #.........##...........#
....# ######..###..#.........#
....# ####)###.##.........# .#.##
#...[[.....##########
.#.##########...YS.....##########
........)......Y@Y...............
........................#########
#.......................#########
......................#..........
#.#...................#..########
.%)...................#..####....
#.#..........###.##...#..#......#
.............# #.##...#..#.###...
#.#..........# #.##...#..#.......


You could see 3 yaks and an adder.

Vanquished Creatures
  A scorpion (D:4)
  3 hounds
  A jelly (D:4)
  2 iguanas (D:4)
  Robin (D:3)
  7 adders
  7 orcs
  12 endoplasms
  4 giant cockroaches
  16 goblins
  3 hobgoblins
  3 jackals (D:3)
  A quokka (D:3)
  3 ball pythons
  7 bats
  4 frilled lizards
  8 kobolds
  5 rats
88 creatures vanquished.

Notes
Turn   | Place    | Note
-------+----------+-------------------------------------------
     0 | D:1      | qw the Gargoyle Hexslinger began the quest for the Orb.
     0 | D:1      | Reached XP level 1. HP: 12/12 MP: 2/2
     0 | D:1      | 0 ||| qw: Version: 0.3-a-32-g5962c71
     0 | D:1      | 0 ||| qw: Game counter: 7332
     0 | D:1      | 0 ||| qw: Melee chars always use a shield: true
     0 | D:1      | 0 ||| qw: God list: Okawaru
     0 | D:1      | 0 ||| qw: Allow faded altars: false
     0 | D:1      | 0 ||| qw: Do Orc after clearing Dungeon:15 true
     0 | D:1      | 0 ||| qw: Do second Lair branch before Depths: true
     0 | D:1      | 0 ||| qw: Lair rune preference: random
     0 | D:1      | 0 ||| qw: Goals: Normal
     0 | D:1      | 0 ||| PLANNING D:1-11
   198 | D:1      | Reached XP level 2. HP: 16/16 MP: 3/3
   242 | D:1      | Reached skill level 3 in Ranged Weapons
   448 | D:1      | 448 ||| UPGRADING to +1 pair of boots.
   453 | D:1      | 453 ||| UPGRADING to +5 ring of evasion.
   454 | D:1      | 454 ||| READING scroll labelled DIMOETUCKAJ.
   455 | D:1      | 455 ||| READING 2 scrolls labelled VOSUXU BAENYI.
   456 | D:1      | 456 ||| READING 4 scrolls labelled GASOAWK INWI.
   457 | D:1      | 457 ||| READING scroll labelled PANISE CUAGOA.
   458 | D:1      | 458 ||| READING scroll labelled WURAT QEESUMAIMONT.
   459 | D:1      | 459 ||| READING 2 scrolls labelled ENKE ETUIMAOM.
   462 | D:1      | 462 ||| READING 3 scrolls of identify.
   462 | D:1      | 462 ||| IDENTIFYING lumpy ruby potion
   463 | D:1      | 463 ||| DROPPING scroll of poison.
   464 | D:1      | 464 ||| DROPPING potion of degeneration.
   465 | D:1      | 465 ||| DROPPING scroll of noise.
   722 | D:2      | Found a shimmering altar of Xom.
   840 | D:2      | Reached XP level 3. HP: 21/21 MP: 4/4
  1240 | D:2      | 1240 ||| UPGRADING to ring of see invisible.
  1241 | D:2      | 1241 ||| READING scroll labelled LAQUOT ZAMPILE.
  1242 | D:2      | 1242 ||| READING 4 scrolls of identify.
  1242 | D:2      | 1242 ||| IDENTIFYING viscous pink potion
  1243 | D:2      | 1243 ||| READING 3 scrolls of identify.
  1243 | D:2      | 1243 ||| IDENTIFYING fizzy pink potion
  1244 | D:2      | 1244 ||| READING 2 scrolls of identify.
  1244 | D:2      | 1244 ||| IDENTIFYING pink potion
  1245 | D:2      | 1245 ||| DROPPING potion of ambrosia.
  1246 | D:2      | 1246 ||| DROPPING potion of invisibility.
  1348 | D:3      | Reached XP level 4. HP: 26/26 MP: 5/5
  1352 | D:3      | Reached skill level 4 in Ranged Weapons
  1424 | D:3      | Noticed Robin
  1433 | D:3      | HP: 6/26 [goblin/+0 dagger[Robin] (1)]
  1434 | D:3      | 1434 ||| READING scroll of teleportation.
  1435 | D:3      | Killed Robin
  1678 | D:3      | Reached XP level 5. HP: 30/30 MP: 6/6
  1800 | D:3      | 1800 ||| UPGRADING to +0 ring mail.
  1810 | D:3      | 1810 ||| DROPPING +0 robe.
  1811 | D:3      | 1811 ||| UPGRADING to +0 helmet.
  1816 | D:3      | 1816 ||| READING scroll labelled SIESA GUEFERR.
  1817 | D:3      | 1817 ||| READING scroll labelled XAYMEUTICE.
  1818 | D:3      | 1818 ||| READING 4 scrolls of identify.
  1818 | D:3      | 1818 ||| IDENTIFYING fizzy ruby potion
  1940 | D:4      | Reached skill level 1 in Armour
  1973 | D:4      | Reached skill level 5 in Ranged Weapons
  2038 | D:4      | HP: 2/30 [acid (10)]
  2039 | D:4      | 2039 ||| DRINKING potion of heal wounds.
  2045 | D:4      | Reached skill level 3 in Fighting
  2045 | D:4      | Reached XP level 6. HP: 4/37 MP: 7/7
  2367 | D:4      | Reached skill level 6 in Ranged Weapons
  2671 | D:4      | 2671 ||| READING 4 scrolls of identify.
  2671 | D:4      | 2671 ||| IDENTIFYING bubbling orange potion
  2672 | D:4      | 2672 ||| DROPPING potion of lignification.
  2706 | D:5      | Entered Level 5 of the Dungeon
  2706 | D:5      | Noticed a yak
  2706 | D:5      | Noticed a yak
  2707 | D:5      | Noticed a yak
  2707 | D:5      | Noticed a yak
  2708 | D:5      | Noticed a yak
  2712 | D:5      | Noticed a yak
  2717 | D:5      | 2717 ||| STAIRDANCE
  2722 | D:4      | HP: 8/38 [yak (5)]
  2722 | D:4      | Slain by a yak

Levels and vault maps discovered:
D:1:      ncdulo_smallfort, layout_rooms
D:2:      layout_basic, basic_altar, minmay_misc_feat_nine_boxes,
          minmay_pentomino_v4
D:3:      layout_rooms, uniq_robin
D:4:      layout_basic, st_stairs_13
D:5:      layout_cave_pools, minmay_starry_boxes, uniq_menkaure

Skill      XL: |  1  2  3  4  5  6 |
---------------+-------------------+-----
Ranged Weapons | 3 4 5 6 |  6.0
Fighting       | 2 3 |  3.7
Armour         | 1 |  1.4
Dodging        | |  1.5
Spellcasting   | |  1.0
Hexes          | |  2.6

Action                     |  1- 3 |  4- 6 || total
---------------------------+-------+-------++-------
   Fire: Sling             |    91 |   172 ||   263
    Use: Scroll            |    11 |     5 ||    16
         Potion            |       |     1 ||     1
 Armour: Robe              |    11 |    21 ||    32
         Ring mail         |       |    38 ||    38
  Dodge: Dodged            |    20 |   150 ||   170

Table legend:
 A = Non-vault XP
 B = Vault XP
 C = Vault XP percentage of total XP
 D = Non-vault monster count
 E = Vault monster count
 F = Vault count percentage of total count
                 A         B        C        D         E       F
            +---------+---------+-------+---------+---------+-------
      Total |     520 |      56 |   9.7 |      73 |      15 |  17.0
            +---------+---------+-------+---------+---------+-------
        D:1 |      21 |       0 |   0.0 |      15 |       0 |   0.0
        D:2 |      35 |      18 |  34.0 |      14 |       3 |  17.6
        D:3 |      64 |      35 |  35.4 |      21 |      11 |  34.4
        D:4 |     357 |       3 |   0.8 |      22 |       1 |   4.3
        D:5 |      43 |       0 |   0.0 |       1 |       0 |   0.0
            +---------+---------+-------+---------+---------+-------
